 Dungeon Crawl Stone Soup version 0.23.2-40-g277498a001 (webtiles) character file.

Game seed: 17450583133767019732

319 H0rd4k the Charlatan (level 6, 0/44 HPs)
             Began as a Human Artificer on Aug 26, 2019.
             Succumbed to a worker ant's poison
             ... on level 4 of the Dungeon.
             The game lasted 00:05:44 (4915 turns).

H0rd4k the Charlatan (Human Artificer)              Turns: 4915, Time: 00:05:45

Health: 0/44       AC:  4    Str: 13 (14) XL:     6   Next: 74%
Magic:  9/9        EV: 12    Int: 12      God:
Gold:   210        SH:  0    Dex: 11 (13) Spells: 5/5 levels left

rFire    . . .     SeeInvis .   q - +0 rapier
rCold    . . .     Gourm    .   (no shield)
rNeg     . . .     Faith    .   b - +0 leather armour
rPois    .         Spirit   .   (no helmet)
rElec    .         Reflect  .   (no cloak)
rCorr    .         Harm     .   l - +0 pair of gloves
MR       .....                  (no boots)
Stlth    ++........             (no amulet)
HPRegen  0.14/turn              (no ring)
MPRegen  0.11/turn              (no ring)

@: lethally poisoned (0 -> -23), flying, starving
A: no striking features
a: no special abilities


You were on level 4 of the Dungeon.
You were starving.

You visited 1 branch of the dungeon, and saw 4 of its levels.

You collected 210 gold pieces.

Inventory:

Hand Weapons
 a - a +0 short sword
 q - a +0 rapier (weapon)
Missiles
 h - 8 tomahawks (quivered)
Armour
 b - a +0 leather armour (worn)
 l - a +0 pair of gloves (worn)
Jewellery
 j - a +5 ring of evasion {unknown}
Wands
 d - a wand of enslavement (15)
 e - a wand of random effects (5)
Scrolls
 g - 2 scrolls of teleportation
 k - a scroll of magic mapping {unknown}
 o - 6 scrolls of identify {unknown}
 r - a scroll of immolation {unknown}
 s - a scroll of enchant weapon {unknown}
 t - a scroll of blinking {unknown}
 u - 3 scrolls of remove curse {unknown}
 v - 2 scrolls of enchant armour {unknown}
Comestibles
 f - 7 rations


   Skills:
 + Level 2.2 Fighting
 + Level 3.4 Short Blades
 + Level 2.4 Armour
 + Level 2.5 Dodging
 + Level 1.9 Stealth
 + Level 4.3 Evocations


You had 5 spell levels left.
You didn't know any spells.
Your spell library was empty.

Dungeon Overview and Level Annotations

Branches:
Dungeon (4/15)
 Temple: D:4-7

Altars:
Uskayaw

Annotations:
D:2 exclusion: downstairs


Message History

You feel very sick.
* * * LOW HITPOINT WARNING * * *
You feel very sick.
You're too hungry to rest.
You're too hungry to rest.
You're too hungry to rest.
* * * LOW HITPOINT WARNING * * *
You feel sick.
* * * LOW HITPOINT WARNING * * *
You feel very sick.
* * * LOW HITPOINT WARNING * * *
You feel sick.
You see here a scroll labeled INTUVA ICULUA.
v - 2 scrolls labeled INTUVA ICULUA (gained 1)
* * * LOW HITPOINT WARNING * * *
You feel sick.
It was a potion of flight.
You feel very buoyant.
You fly up into the air.
You die...

## ........##
.######.........#
......#.#######.#
...##.#.# #.#
........# #.#
...##.#.# #.#
..###.#.# #.# .##
#... ######.###.#
.(# #..#
#......@...# #.#
#..# #.####.#####
#.# #..# #...
#.###..###.#
####.#
...........# #
#.###..#####
.......#######
#............#
##.###.#####.


There were no monsters in sight!

Vanquished Creatures
  2 orc priests (D:3)
  An orc wizard (D:4)
  3 worker ants (D:4)
  A hound skeleton (D:4)
  5 adders
  An ooze (D:1)
  4 worms
  A dart slug (D:3)
  2 leopard geckos (D:3)
  10 orcs
  2 giant cockroaches (D:2)
  8 goblins
  3 hobgoblins
  7 jackals
  5 quokkas
  A ball python skeleton (D:4)
  7 bats
  4 frilled lizards
  A jackal skeleton (D:4)
  7 kobolds
  A quokka skeleton (D:4)
  5 rats
81 creatures vanquished.

Notes
Turn   | Place    | Note
-------+----------+-------------------------------------------
     0 | D:1      | H0rd4k the Human Artificer began the quest for the Orb.
     0 | D:1      | Reached XP level 1. HP: 15/15 MP: 3/3
    36 | D:1      | Reached XP level 2. HP: 13/21 MP: 4/4
   640 | D:2      | Reached XP level 3. HP: 26/26 MP: 5/5
   681 | D:2      | Reached skill level 4 in Evocations
  1006 | D:2      | Found a hide-covered altar of Uskayaw.
  1286 | D:2      | Reached XP level 4. HP: 11/32 MP: 7/7
  2184 | D:3      | Reached skill level 1 in Armour
  2958 | D:2      | Reached XP level 5. HP: 26/37 MP: 8/8
  3698 | D:3      | Noticed a phantom
  3854 | D:3      | Reached XP level 6. HP: 40/44 MP: 9/9
  4590 | D:4      | Noticed an ogre
  4914 | D:4      | HP: 2/44 [poisoned by a worker ant]
  4915 | D:4      | Succumbed to a worker ant's poison

Skill      XL: |  1  2  3  4  5  6 |
---------------+-------------------+-----
Evocations     | 4 |  4.3
Armour         | 1 2 |  2.4
Short Blades   | 2 3 |  3.4
Fighting       | 2 |  2.2
Dodging        | |  2.5
Stealth        | |  1.9

Action                   |  1- 3 |  4- 6 || total
-------------------------+-------+-------++-------
Melee: Short sword       |    81 |    19 ||   100
       Rapier            |       |   251 ||   251
Evoke: Wand              |     9 |    16 ||    25
  Use: Potion            |       |     8 ||     8
       Scroll            |       |     1 ||     1
 Stab: Sleeping          |     1 |     5 ||     6
  Eat: Chunk             |     1 |     3 ||     4
       Ration            |       |     2 ||     2
Armor: Leather armour    |    19 |    61 ||    80
Dodge: Dodged            |    54 |   165 ||   219
